 Dungeon Crawl Stone Soup version 0.30-a0-824-g6c64550be9 (webtiles) character file.

Game seed: 213726429574102624

50 omnomnOMINOUS the Sneak (level 3, 0/36 HPs)
             Began as an Octopode Wanderer on Feb 27, 2023.
             Slain by Robin
             ... wielding a +0 trident
              (8 damage)
             ... on level 2 of the Dungeon.
             The game lasted 00:01:40 (1183 turns).

omnomnOMINOUS the Sneak (Octopode Wanderer)         Turns: 1183, Time: 00:01:40

Health: 0/36       AC:  1    Str: 10    XL:     3   Next: 79%
Magic:  5/6        EV: 14    Int: 13    God:
Gold:   33         SH:  0    Dex: 15    Spells: 6/6 levels left

rFire   . . .      SeeInvis .    a - +2 dagger
rCold   . . .      Faith    .    (no shield)
rNeg    . . .      Spirit   .    (helmet restricted)
rPois   .          Reflect  .    (no amulet)
rElec   .          Harm     .    (no ring)
rCorr   .          Rampage  .    (no ring)
Will    .....                    (no ring) Stlth
                                 (no ring)
HPRegen 0.26/turn                (no ring)
MPRegen 0.10/turn                (no ring)
                                 (no ring)
                                 (no ring)

@: berserking (expiring), very quick
A: almost no armour, amphibious, 8 rings, camouflage 1, gelatinous body 1,
(nimble swimmer 1), tentacles
a: no special abilities


You were on level 2 of the Dungeon.
You visited 1 branch of the dungeon, and saw 2 of its levels.

You collected 33 gold pieces.

Inventory:

Hand Weapons
 a - a +2 dagger (weapon)
 c - a +0 quarterstaff
Missiles
 l - 2 throwing nets (quivered)
Armour
 o - a +0 tower shield
Magical Staves
 k - a staff of poison
Jewellery
 m - a ring of ice
Scrolls
 e - a scroll of fog
 f - a scroll of teleportation {unknown}
 g - a scroll of silence {unknown}
 i - a scroll of vulnerability {unknown}
 n - a scroll of fear {unknown}
Potions
 d - 2 potions of curing
 h - a potion of magic {unknown}
 j - a potion of might {unknown}


   Skills:
 + Level 1.7 Fighting
 - Level 2.0 Staves
 + Level 2.7 Dodging
 - Level 5.3 Stealth
 + Level 2.0 Spellcasting
 - Level 1.1 Evocations


You had 6 spell levels left.
You didn't know any spells.
Your spell library was empty.

Dungeon Overview and Level Annotations

Branches:
Dungeon (2/15)

Altars:
Dithmenos

Annotations:
D:2 Robin


Innate Abilities, Weirdness & Mutations

You cannot wear most types of armour.
You are amphibious.
You can wear up to eight rings at the same time.
Your skin changes colour to match your surroundings (Stealth+).
Your rubbery body absorbs attacks. (AC +1, EV +1)
((You are camouflaged when in or above water. (Stealth+)))
You have tentacles for arms and can constrict up to eight enemies at once.


Message History

You are poisoned.
The adder poisons you! Robin throws the goblin at you! The adder bites you.
The goblin shouts!
You hit the adder. You grab the adder.
The adder is lightly wounded.
You constrict the adder.
You feel sick. The goblin closely misses you. The adder misses you.
A red film seems to cover your vision as you go berserk!
You feel yourself moving faster!
You feel mighty!
You constrict the adder.
You feel sick. The adder barely misses you. The goblin hits you with a +0 club.
Robin roars a battlecry!
The goblins go into a battle-frenzy!
The hobgoblin hits you.
You hear a shout!
You puncture the adder!
You kill the adder!
You feel sick. The goblin barely misses you.
The hobgoblin hits you but does no damage.
Your Spellcasting skill increases to level 2!
You completely miss the goblin. Your grab misses the goblin.
You squeeze the goblin.
You kill the goblin!
You feel sick.
You are no longer poisoned.
You barely miss the hobgoblin. You grab the hobgoblin.
You squeeze the hobgoblin.
You kill the hobgoblin!
Robin closely misses you.
A goblin comes into view. It is wielding a +0 club.
Robin hits you with a +0 trident.
* * * LOW HITPOINT WARNING * * *
You hit Robin. You grab Robin.
Robin is moderately wounded.
You constrict Robin, but do no damage.
An adder comes into view.
The adder hisses angrily.
You puncture Robin!
Robin is almost dead.
You constrict Robin, but do no damage. Robin hits you with a +0 trident!
You die...

##.....# #...)).....# #.(...#
#..........# #.._..#
#..).......# #.....#
#...######## #.....######...#
###.........#...############
#........##.#.).##.........#
#....[...##+#.†.##.........#
#...............@#...g.....#
#................g.g..)S...#
#............................
......##..........#######.###
......##<.........# ..
......##............ .
......##.........###
......#####..#####
....>.#####....


You could see Robin, an adder and a goblin (strong).

Vanquished Creatures
  An adder (D:2)
  7 ball pythons (D:1)
  3 endoplasms
  A giant cockroach (D:1)
  7 goblins (D:2)
  6 hobgoblins
  3 kobolds (D:1)
  A quokka (D:1)
  3 bats (D:1)
  A frilled lizard (D:2)
  2 rats
35 creatures vanquished.

Notes
Turn   | Place    | Note
-------+----------+-------------------------------------------
     0 | D:1      | omnomnOMINOUS the Octopode Wanderer began the quest for the
                  | Orb.
     0 | D:1      | omnomnOMINOUS set off with the following items: a +2
                  | dagger, a potion of berserk rage, a +0 quarterstaff, a
                  | potion of curing, a scroll of fog.
     0 | D:1      | Reached XP level 1. HP: 11/11 MP: 2/2
     0 | D:1      | Noticed an iron dragon
     0 | D:1      | Noticed an ice dragon
     3 | D:1      | Noticed an ice dragon
     3 | D:1      | Noticed a large abomination
     6 | D:1      | Noticed a large abomination
     7 | D:1      | Noticed a large abomination
     9 | D:1      | Noticed an orb of fire
    11 | D:1      | Noticed an orb of fire
    11 | D:1      | Noticed a shadow dragon
    13 | D:1      | Noticed a tentacled monstrosity
    19 | D:1      | Noticed a tentacled monstrosity
    19 | D:1      | Noticed an orb of fire
    88 | D:1      | Reached XP level 2. HP: 18/18 MP: 3/3
   139 | D:1      | Reached skill level 1 in Fighting
   611 | D:1      | Reached XP level 3. HP: 23/23 MP: 5/5
  1008 | D:2      | Found a shadowy altar of Dithmenos.
  1173 | D:2      | Noticed Robin
  1183 | D:2      | Slain by Robin

Illustrated notes

Levels and vault maps discovered:
D:1:      shiori_arrival_whats_in_store_for_you, layout_basic,
          nicolae_eternal_life
D:2:      layout_basic, basic_altar, serial_shops, shop_statue,
          kennysheep_cross_room, uniq_robin

Skill      XL: |  1  2  3 |
---------------+----------+-----
Fighting       | 1 |  1.7
Spellcasting   | 2 |  2.0
Staves         | |  2.0
Dodging        | |  2.7
Stealth        | |  5.3
Evocations     | |  1.1

Action                     || total
---------------------------++-------
  Melee: Dagger            ||    56
         Constrict         ||    12
         Tentacles         ||     8
         Punch             ||     1
    Use: Potion            ||     1
   Stab: Sleeping          ||    16
 Armour: Skin              ||     2
  Dodge: Dodged            ||    31

Table legend: (Time is in decaauts)
 A = Elapsed time spent in this place.
 B = Non-inter-level travel time spent in this place.
 C = Inter-level travel time spent in this place.
 D = Time resting spent in this place.
 E = Time spent auto-exploring this place.
 F = Levels seen in this place.
 G = Mean time per level.
                   A        B        C        D        E       F      G
               +--------+--------+--------+--------+--------+-----+--------+
         Total |   1182 |   1154 |     28 |     37 |    880 |   2 |  591.0 |
       Dungeon |   1182 |   1154 |     28 |     37 |    880 |   2 |  591.0 |
               +--------+--------+--------+--------+--------+-----+--------+

Top non-repeatable levels by time:
     D:1: 894 daAuts
     D:2: 287 daAuts
